 Dungeon Crawl Stone Soup version 0.28-a0-793-g31680bbd8b (webtiles) character file.

Game seed: 5377693391364529016

28 lessens the Cudgeller (level 3, -2/36 HPs)
             Began as an Ogre Gladiator on Nov 5, 2021.
             Slain by Terence (22 damage)
             ... on level 2 of the Dungeon.
             The game lasted 00:01:08 (1324 turns).

lessens the Cudgeller (Ogre Gladiator)              Turns: 1324, Time: 00:01:09

Health: -2/36      AC:  4    Str: 19    XL:     3   Next: 12%
Magic:  3/3        EV: 10    Int:  9    God:
Gold:   78         SH:  0    Dex: 10    Spells: 2/2 levels left

rFire   . . .      SeeInvis .   g - +2 dagger (venom)
rCold   . . .      Faith    .   (no shield)
rNeg    . . .      Spirit   .   b - +0 robe
rPois   .          Reflect  .   c - +0 hat
rElec   .          Harm     .   j - +0 cloak
rCorr   .          Rampage  .   (gloves unavailable)
Will    .....                   (boots unavailable)
Stlth   +.........              (no amulet)
HPRegen 0.12/turn               (no ring)
MPRegen 0.08/turn               (no ring)

@: no status effects
A: large, unfitting armour, tough skin 1
a: no special abilities


You were on level 2 of the Dungeon.
You visited 1 branch of the dungeon, and saw 2 of its levels.

You collected 78 gold pieces.

Inventory:

Hand Weapons
 a - a +0 flail
 g - a +2 dagger of venom (weapon)
Missiles
 d - 3 throwing nets (quivered)
 f - 9 stones
 l - 3 curare-tipped darts
Armour
 b - a +0 robe (worn)
 c - a +0 hat (worn)
 j - a +0 cloak (worn)
Jewellery
 k - a ring of protection from fire
Scrolls
 e - a scroll of noise {unknown}
Potions
 h - a potion of might {unknown}
 i - 2 potions of ambrosia {unknown}


   Skills:
 - Level 2.6 Fighting
 + Level 3.8 Maces & Flails
 - Level 2.0 Throwing
 - Level 2.6 Dodging


You had 2 spell levels left.
You didn't know any spells.
Your spell library was empty.

Dungeon Overview and Level Annotations

Branches:
Dungeon (2/15)

Altars:

Annotations:
D:2 Terence


Innate Abilities, Weirdness & Mutations

You are too large for most types of armour.
You have tough skin. (AC +1)


Message History

You hit the kobold.
The kobold is poisoned.
The kobold is moderately wounded.
The kobold hits you with a +0 dagger.
You hit the kobold.
You kill the kobold!
No target in view!
No target in view!
f - 9 stones (gained 4)
You see here a +0 dagger.
You now have 78 gold pieces (gained 11).
A rat comes into view.
A rat is nearby!
A rat is nearby!
A rat is nearby!
You hit the rat.
You kill the rat!
No target in view!
No target in view!
Terence the Incautious comes into view.
He is wielding a +0 morningstar.
Terence shouts!
Terence is nearby!
Terence is nearby!
Terence is nearby!
You hit Terence.
Terence is lightly wounded.
Terence completely misses you.
You closely miss Terence.
Terence is lightly wounded.
Terence hits you with a +0 morningstar!
You hit Terence.
Terence is poisoned.
Terence is moderately wounded.
Terence drinks a potion.
Terence goes berserk!
You barely miss Terence.
Terence is heavily wounded.
Terence hits you with a +0 morningstar!
You hit Terence but do no damage.
Terence looks as sick as possible!
Terence is heavily wounded.
Terence hits you with a +0 morningstar!!
Ouch! That really hurt!
You die...

####..#.##........#.##
#.##.#
#..#.#...####.....#
#.##.# #..#..
###..###...# #.##.#
#..#..##......##..#
#)##.# .#.... #.†....#
#.##.# ...... ##....##
#.# .# #.....#
##.....###.#
......@##..........#
#..@...##..#####
###..###..## ####.....
......## #######


You could see Terence (berserk, extremely poisoned).

Vanquished Creatures
  3 dart slugs
  A ball python (D:1)
  An endoplasm (D:1)
  2 goblins (D:1)
  4 hobgoblins (D:1)
  2 quokkas (D:1)
  A bat (D:1)
  3 kobolds
  4 rats
21 creatures vanquished.

Notes
Turn   | Place    | Note
-------+----------+-------------------------------------------
     0 | D:1      | lessens the Ogre Gladiator began the quest for the Orb.
     0 | D:1      | Reached XP level 1. HP: 22/22 MP: 1/1
   150 | D:1      | Reached skill level 3 in Maces & Flails
   286 | D:1      | Reached XP level 2. HP: 28/29 MP: 2/2
  1109 | D:1      | Reached XP level 3. HP: 36/36 MP: 3/3
  1317 | D:2      | Noticed Terence
  1324 | D:2      | Slain by Terence

Illustrated notes

Levels and vault maps discovered:
D:1:      lemuel_arrival_funnel, layout_loops_ring, serial_glass,
          glass_columns_b, glass_columns_b, item_on_display_a,
          due_unseen_surprise, minmay_strange_pillars, minmay_strange_pillars,
          minmay_heptomino_l4
D:2:      layout_loops_ring, basic_altar, minmay_misc_feat_iff, uniq_terence,
          uniq_jessica

Skill      XL: |  1 |
---------------+----+-----
Maces & Flails | 3 |  3.8
Fighting       | |  2.6
Throwing       | |  2.0
Dodging        | |  2.6

Action                   || total
-------------------------++-------
Melee: Flail             ||    18
       Dagger            ||    43
Armor: Robe              ||    14
Dodge: Dodged            ||    27

Table legend: (Time is in decaauts)
 A = Elapsed time spent in this place.
 B = Non-inter-level travel time spent in this place.
 C = Inter-level travel time spent in this place.
 D = Time resting spent in this place.
 E = Time spent auto-exploring this place.
 F = Levels seen in this place.
 G = Mean time per level.
                   A        B        C        D        E       F      G
               +--------+--------+--------+--------+--------+-----+--------+
         Total |   1327 |   1305 |     22 |      0 |   1136 |   2 |  663.5 |
       Dungeon |   1327 |   1305 |     22 |      0 |   1136 |   2 |  663.5 |
               +--------+--------+--------+--------+--------+-----+--------+

Top non-repeatable levels by time:
     D:1: 1158 daAuts
     D:2: 169 daAuts
